 Dungeon Crawl Stone Soup version 0.22-a0-803-gd6d8abe (console) character file.

61279 removed the Impaler (level 15, -27/129 HPs)
             Began as a Merfolk Warper on July 22, 2018.
             Was the Champion of Okawaru.
             Annihilated by a death yak (36 damage)
             ... on level 6 of the Lair of Beasts.
             The game lasted 01:17:56 (33731 turns).

removed the Impaler (Merfolk Warper)               Turns: 33731, Time: 01:17:56

Health: -27/129    AC:  9    Str: 13    XL:     15   Next: 2%
Magic:  20/23      EV: 28    Int: 13    God:    Okawaru [******]
Gold:   166        SH:  0    Dex: 18    Spells: 14/18 levels left

rFire    + . .     SeeInvis .   a - +2 bardiche (chaos)
rCold    . . .     Gourm    .   (shield currently unavailable)
rNeg     . . .     Faith    .   B - +1 leather armour {rF+}
rPois    +         Spirit   .   Q - +0 hat {MR+}
rElec    .         Reflect  .   j - scarf {repulsion}
rCorr    .         Harm     .   U - +0 pair of gloves
MR       +++..                  D - +2 pair of boots {run}
Stlth    +++.......             R - amulet of rage
HPRegen  0.31/turn              m - ring of protection from magic
MPRegen  0.18/turn              p - ring of poison resistance

@: heroism, finesse, repel missiles, quick
A: change form in water, swift swim, stealthy swim
a: Heroism, Finesse, Renounce Religion, Evoke Berserk Rage


You were on level 6 of the Lair of Beasts.
You worshipped Okawaru.
Okawaru was exalted by your worship.
You were very hungry.

You visited 3 branches of the dungeon, and saw 19 of its levels.
You also visited: Labyrinth, Sewer, Ossuary and Bailey.

You collected 1060 gold pieces.
You spent 894 gold pieces at shops.

Inventory:

Hand Weapons
 a - a +2 bardiche of chaos (weapon)
 b - a +3 trident of piercing
 F - a +2 spear of freezing
Missiles
 J - 5 throwing nets (quivered)
Armour
 g - a +0 buckler
 j - a scarf of repulsion (worn)
 B - a +1 leather armour of fire resistance (worn)
 D - a +2 pair of boots of running (worn)
 N - a scarf of cloud immunity
 Q - a +0 hat of magic resistance (worn)
 T - a +1 pair of boots
 U - a +0 pair of gloves (worn)
 Y - a scarf of resistance
Magical Staves
 t - an uncursed staff of poison {unknown}
 X - an uncursed staff of poison {unknown}
Jewellery
 c - the ring "Nyrooh" {rC++ Str+2 Int+2}
   (You bought it in a shop on level 8 of the Dungeon)

   [ring of strength]

   It affects your strength (+2).
   It affects your intelligence (+2).
   It greatly protects you from cold.
 m - a ring of protection from magic (left hand)
 n - an uncursed amulet of the acrobat
 p - a ring of poison resistance (right hand)
 u - an uncursed amulet of regeneration
 y - an uncursed ring of fire
 C - an uncursed ring of ice
 R - an amulet of rage (around neck)
Wands
 v - a wand of paralysis (22)
 E - a wand of disintegration (14)
 I - a wand of acid (7)
 P - a wand of iceblast (11)
Scrolls
 d - 7 scrolls of blinking
 z - 8 scrolls of remove curse
 A - a scroll of holy word
 G - 9 scrolls of teleportation
 K - a scroll of fear
 L - 5 scrolls of fog
 M - 9 scrolls of identify
 V - 2 scrolls of amnesia
 W - 4 scrolls of enchant armour
Potions
 h - 3 potions of might
 i - 6 potions of brilliance
 k - 3 potions of heal wounds
 l - 3 potions of cancellation
 o - 3 potions of resistance
 q - 2 potions of mutation
 r - 2 potions of berserk rage
 H - 2 potions of flight
 O - 5 potions of agility
 S - 13 potions of curing
 Z - a potion of magic
Miscellaneous
 w - a lamp of fire (inert)
Comestibles
 f - 25 rations


   Skills:
 - Level 15.0(20.0) Fighting
 + Level 18.5(23.5) Polearms
 - Level 1.0(6.0) Throwing
 - Level 0.6(5.6) Armour
 - Level 15.0(20.0) Dodging
 - Level 5.1(10.1) Shields
 - Level 2.0 Spellcasting
 - Level 2.4 Translocations
 - Level 11.1 Invocations


You had 14 spell levels left.
You knew the following spells:

 Your Spells              Type           Power        Failure   Level  Hunger
a - Shroud of Golubria    Chrm/Tloc      #.........   28%         2    ###....
l - Blink                 Tloc           N/A          19%         2    ###....

Your spell library contained the following spells:

 Spells                   Type           Power        Failure   Level  Hunger
 Fireball                 Conj/Fire      #.........   100%        5    ######.
 Conjure Flame            Conj/Fire      #.......     67%         3    ####...
 Confuse                  Hex            #.......     67%         3    ####...
 Throw Flame              Conj/Fire      #.....       43%         2    ###....
 Teleport Other           Tloc           #.......     34%         3    ####...
 Vampiric Draining        Necr           #.........   67%         3    ####...
 Freeze                   Ice            #...         30%         1    ##.....
 Ozocubu's Refrigeration  Ice            #.........   100%        6    #######
 Sticky Flame             Conj/Fire      #.......     97%         4    #####..
 Regeneration             Chrm/Necr      #.........   67%         3    ####...
 Confusing Touch          Hex            #.....       30%         1    ##.....
 Flame Tongue             Conj/Fire      #....        30%         1    ##.....
 Metabolic Englaciation   Hex/Ice        #.........   100%        5    ######.
 Simulacrum               Ice/Necr       #.........   100%        6    #######
 Petrify                  Tmut/Erth      #.......     97%         4    #####..
 Passage of Golubria      Tloc           N/A          75%         4    #####..
 Summon Hydra             Summ           #.........   100%        7    #######
 Inner Flame              Hex/Fire       #.......     67%         3    ####...
 Infusion                 Chrm           #...         30%         1    ##.....
 Song of Slaying          Chrm           #.......     43%         2    ###....
 Spectral Weapon          Hex/Chrm       #.......     67%         3    ####...
 Gell's Gravitas          Tloc           #.........   34%         3    ####...
 Yara's Violent Unravell  Hex/Tmut       #.........   100%        5    ######.
 Lesser Beckoning         Tloc           #.........   34%         3    ####...


Dungeon Overview and Level Annotations

Branches:
Dungeon (12/15)            Temple (1/1) D:7            Lair (6/6) D:9
  Swamp (0/4) Lair:3       Spider (0/4) Lair:4        Slime (0/5) Lair:5
    Orc (0/2) D:9

Altars:
Ashenzari
Cheibriados
Dithmenos
Elyvilon
Fedhas
Gozag
Hepliaklqana
Kikubaaqudgha
Makhleb
Nemelex Xobeh
Okawaru
Qazlal
Ru
Sif Muna
Trog
Uskayaw
Vehumet
Wu Jian
Xom
Yredelemnul
Zin
The Shining One
Jiyva

Shops:
D:8 *%%(=   D:11 (

Annotations:
Lair:1 3 runed doors, Gomp's ghost, journeyman OpFi
Lair:2 exclusion: hydra


Message History

You slice the manticore!!
You kill the manticore!
Okawaru accepts your kill. The yak barely misses you.
You slash the yak!
You kill the yak!
Okawaru accepts your kill.
Unknown command.
You slash the yak!
The yak is poisoned.
The yak is heavily wounded.
The yak misses you. The yak gores you.
* * * LOW HITPOINT WARNING * * *
Unknown command.
You hit something but do no damage. Something gores you!!
* * * LOW HITPOINT WARNING * * *
Unknown command.
As you read the scroll of fear, it crumbles to dust.
You assume a fearsome visage.
The yak looks frightened! x3
Something gores you!!!
You die...

#.......... # # ###....#.... #.
##. #..........# P.. #Y. ###
#.......P... #..P###.# ###.##
#...##P..... ......Y.####....##
#..####.....
#..Y.P##......###...###.P...
#...#...YYY###...#..#..P.P
##.Y...##@.# ##.......P#..
###.###.{.# ##.....P.....
#######...## #....=.......
#..###...## ####P.P.#.#..P
##P.....## ##.##.......###
###......###...........###
###......8...###....#.#..#..
####....8........##.#..##......
###..........8......#..#..#......


You could see 3 yaks.

Vanquished Creatures
  A minotaur (Lab)
  The ghost of eyesofgods1 the Fighter, a journeyman DsGl of Makhleb (D:9)
  Harold (D:11)
  Fannar (D:11)
  6 hydras
  4 catoblepae
  2 two-headed ogres
  10 death yaks
  Urug (D:11)
  An unseen horror (D:12)
  The ghost of HydraWiggins the Ducker, a novice TrEn of Sif Muna (D:6)
  Pikel (D:6)
  The ghost of Eptagon the Geomancer, a novice DEEE of Gozag (D:4)
  2 manticores
  An ugly thing (D:11)
  A cyclops (D:12)
  7 black mambas
  10 spiny frogs
  A rime drake (Lair:6)
  11 komodo dragons
  4 trolls
  A queen bee (D:8)
  A hornet (D:9)
  9 blink frogs
  2 slime creatures (D:12)
  4 hippogriffs
  Prince Ribbit (D:9)
  A centaur simulacrum (D:10)
  18 yaks
  A shadow (D:12)
  A wyvern (Lair:2)
  3 basilisks
  Grum (D:9)
  A hungry ghost (D:9)
  The ghost of Nib the Vandal, an amateur HaHu (D:3)
  3 wargs (D:9)
  2 hell hounds (D:9)
  5 porcupines
  18 water moccasins
  A sky beast (D:6)
  3 black bears
  10 orc warriors
  A hornet zombie (D:9)
  3 ice beasts
  3 slaves (D:7)
  3 phantoms
  7 ogres
  13 wolves
  An eye of draining (D:12)
  6 centaurs
  11 crocodiles
  Blork the orc (D:4)
  2 big kobolds
  A wyvern zombie (D:12)
  13 bullfrogs
  A gnoll sergeant (D:6)
  A water moccasin zombie (Ossuary)
  6 scorpions
  27 killer bees
  2 troll skeletons (Lab)
  3 electric eels
  A spriggan skeleton (Lab)
  8 crimson imps
  3 bullfrog zombies (Ossuary)
  3 quasits
  2 centaur zombies
  8 hounds
  2 jellies
  7 orc priests
  Crazy Yiuf (D:2)
  3 bullfrog skeletons
  4 centaur skeletons (Lab)
  16 iguanas
  Terence (D:3)
  15 orc wizards
  13 worker ants
  2 killer bee zombies
  An ogre skeleton (Lab)
  A hound zombie (Ossuary)
  2 hound skeletons
  9 mummies (Ossuary)
  A howler monkey zombie (Ossuary)
  4 worker ant zombies
  7 gnolls
  17 adders
  2 hound simulacra (D:10)
  5 shadow imps
  4 white imps
  A worker ant simulacrum (D:10)
  4 ufetubi (D:10)
  9 oozes (Sewer)
  3 adder zombies
  2 adder skeletons
  6 worms
  3 dart slugs
  17 leopard geckos
  52 orcs
  8 ball pythons
  19 giant cockroaches
  11 goblins
  9 hobgoblins
  11 jackals
  4 quokkas
  6 bats
  17 frilled lizards
  5 giant cockroach zombies
  A jackal zombie (Ossuary)
  28 kobolds
  2 leopard gecko skeletons
  2 quokka zombies
  4 rats
  3 plants
629 creatures vanquished.

Vanquished Creatures (collateral kills)
  A kobold (D:12)
1 creature vanquished.

Vanquished Creatures (others)
  A bullfrog (D:10)
  A worker ant (D:11)
  7 fungi
  8 plants
  A withered plant (Ossuary)
18 creatures vanquished.

Grand Total: 648 creatures vanquished

Notes
Turn   | Place    | Note
-------+----------+-------------------------------------------
     0 | D:1      | removed the Merfolk Warper began the quest for the Orb.
     0 | D:1      | Reached XP level 1. HP: 16/16 MP: 3/3
   338 | D:1      | Reached skill level 4 in Polearms
   338 | D:1      | Reached XP level 2. HP: 17/22 MP: 5/5
   638 | D:1      | Learned a level 2 spell: Blink
   725 | D:1      | Learned a level 2 spell: Shroud of Golubria
   760 | D:1      | Reached skill level 5 in Polearms
   760 | D:1      | Reached XP level 3. HP: 27/27 MP: 6/6
  1232 | D:2      | Found a runed door.
  1998 | D:3      | Reached skill level 6 in Polearms
  1998 | D:3      | Reached XP level 4. HP: 30/33 MP: 7/7
  2091 | D:3      | Found a glowing drain.
  2108 | Sewer    | Entered a sewer
  2332 | Sewer    | Reached skill level 7 in Polearms
  2405 | Sewer    | Reached XP level 5. HP: 33/38 MP: 8/8
  2652 | Sewer    | Reached skill level 8 in Polearms
  2828 | Sewer    | Reached XP level 6. HP: 40/48 MP: 4/9
  2911 | D:3      | Noticed Terence
  2943 | D:3      | Killed Terence
  2961 | D:3      | Reached skill level 5 in Fighting
  3357 | D:3      | Found a stormy altar of Qazlal.
  3506 | D:3      | Noticed Nib's ghost (amateur HaHu)
  3508 | D:3      | Found a runed door.
  3610 | D:4      | Reached XP level 7. HP: 51/56 MP: 7/10
  3874 | D:4      | Reached skill level 5 in Dodging
  4238 | D:4      | Noticed Eptagon's ghost (novice DEEE)
  4594 | D:4      | Found a transporter.
  4598 | D:4      | Found a transporter.
  4870 | D:4      | Reached skill level 9 in Polearms
  4877 | D:4      | Reached XP level 8. HP: 36/62 MP: 11/11
  5209 | D:4      | Noticed Blork the orc
  5243 | D:4      | Killed Blork the orc
  5243 | D:4      | Reached skill level 10 in Polearms
  5741 | D:5      | Entered Level 5 of the Dungeon
  5912 | D:5      | Reached skill level 11 in Polearms
  6257 | D:5      | Found a sand-covered staircase.
  6262 | Ossuary  | Entered an ossuary
  6381 | Ossuary  | Reached skill level 12 in Polearms
  6872 | Ossuary  | Reached XP level 9. HP: 70/71 MP: 12/12
  7840 | D:6      | Found a white marble altar of Elyvilon.
  7929 | D:6      | Found a runed gate.
  7929 | D:6      | Found a runed gate.
  7929 | D:6      | Found a runed gate.
  7932 | D:6      | Found an opulent altar of Gozag.
  7937 | D:6      | Noticed HydraWiggins's ghost (novice TrEn)
  8716 | D:7      | Noticed a troll
  8727 | D:7      | Killed a troll
  9777 | D:7      | Reached skill level 5 in Shields
  9807 | D:7      | Found a staircase to the Ecumenical Temple.
  9817 | Temple   | Entered the Ecumenical Temple
 10057 | Temple   | Became a worshipper of Warmaster Okawaru
 10109 | D:7      | Noticed Pikel
 10539 | D:6      | Killed Pikel
 10539 | D:6      | Reached * piety under Okawaru
 10539 | D:6      | Reached skill level 13 in Polearms
 10539 | D:6      | Reached XP level 10. HP: 68/80 MP: 13/13
 10696 | D:7      | Found a blossoming altar of Fedhas.
 10697 | D:7      | Found a sparkling altar of Nemelex Xobeh.
 10698 | D:7      | Found an opulent altar of Gozag.
 11095 | D:3      | Killed Nib's ghost
 11095 | D:3      | Reached skill level 14 in Polearms
 11299 | D:3      | You fall through a shaft!
 11396 | D:2      | Noticed Crazy Yiuf
 11405 | D:2      | Killed Crazy Yiuf
 11535 | D:4      | Killed Eptagon's ghost
 11537 | D:4      | Got a slimy great mace {flame}
 11749 | D:6      | Killed HydraWiggins's ghost
 11749 | D:6      | Reached ** piety under Okawaru
 11749 | D:6      | Reached skill level 15 in Polearms
 12077 | D:8      | Reached skill level 1 in Invocations
 12351 | D:8      | Found a flagged portal.
 12553 | Bailey   | Entered a bailey
 12802 | Bailey   | Reached skill level 5 in Invocations
 12851 | Bailey   | Got an encrusted plate armour
 13051 | Bailey   | Identified the +7 plate armour "Urphyklaps" {+Fly Str+4 Dex-5} (You took it off a kobold in a bailey)
 13101 | D:8      | Found Xawyklug's Antique Weapon Boutique.
 13517 | D:8      | Found Adetan's Food Shoppe.
 13599 | D:8      | Reached XP level 11. HP: 65/86 MP: 15/15
 13689 | D:8      | Found Wepsib's Assorted Antiques.
 13784 | D:8      | Found Yrghituf's Food Emporium.
 13925 | D:8      | Found Biumius's Jewellery Shoppe.
 14934 | D:8      | Bought a pair of glowing boots for 217 gold pieces
 14991 | D:9      | Reached *** piety under Okawaru
 15276 | D:9      | Noticed Prince Ribbit
 15285 | D:9      | Killed Prince Ribbit
 15293 | D:9      | Got a transparent battleaxe
 15485 | D:9      | Noticed Grum
 15521 | D:9      | Killed Grum
 15837 | D:9      | Found a staircase to the Lair.
 15883 | D:9      | Reached skill level 10 in Fighting
 16138 | D:9      | Found a staircase to the Orcish Mines.
 16631 | D:9      | Found a runed gate.
 16632 | D:9      | Found a runed gate.
 16632 | D:9      | Found a runed gate.
 16926 | D:9      | Noticed eyesofgods1's ghost (journeyman DsGl)
 17289 | D:10     | Entered Level 10 of the Dungeon
 17511 | D:10     | Reached **** piety under Okawaru
 18016 | D:10     | Noticed a death yak
 18059 | D:10     | Killed a death yak
 18059 | D:10     | Reached skill level 10 in Dodging
 18277 | D:10     | Noticed a death yak
 18296 | D:10     | Killed a death yak
 18296 | D:10     | Reached ***** piety under Okawaru
 19101 | D:9      | Killed eyesofgods1's ghost
 19408 | D:8      | Bought the ring "Nyrooh" {rC++ Str+2 Int+2} for 398 gold pieces
 19470 | Lair:1   | Entered Level 1 of the Lair of Beasts
 19507 | Lair:1   | Reached XP level 12. HP: 91/97 MP: 16/16
 19572 | Lair:1   | Reached XP level 13. HP: 111/111 MP: 17/17
 20355 | Lair:1   | Found an iron altar of Okawaru.
 20393 | Lair:1   | Found a runed gate.
 20394 | Lair:1   | Found a runed gate.
 20395 | Lair:1   | Found a runed gate.
 20398 | Lair:1   | Found a viscous altar of Jiyva.
 20398 | Lair:1   | Noticed Gomp's ghost (journeyman OpFi)
 20398 | Lair:1   | Noticed a death ooze
 20430 | Lair:1   | Received a gift from Okawaru
 21847 | Lair:2   | Found an ancient bone altar of Kikubaaqudgha.
 22750 | Lair:3   | Found a labyrinth entrance.
 22763 | Lab      | Entered a labyrinth
 23459 | Lab      | Got a crystal triple sword
 23508 | Lab      | Identified the cursed +3 triple sword "Embalmer" {freeze, rC+ Dex+4} (You found it in a labyrinth)
 24081 | Lab      | Noticed a minotaur
 24098 | Lab      | Killed a minotaur
 24158 | Lab      | Identified Synulu's Theurgy, Part Three
 24158 | Lab      | Identified the Volume of the Frostbite and Companions
 24198 | Lab      | Got an ichor-stained plate armour
 24210 | Lab      | Identified the cursed +1 plate armour of the Townfolk {rC+ Int+2} (You found it in a labyrinth)
 24235 | Lab      | Got a crystal dagger
 24715 | Lair:3   | Found a staircase to the Swamp.
 25026 | Lair:2   | Reached skill level 15 in Fighting
 25130 | Lair:4   | Received a gift from Okawaru
 25355 | Lair:3   | HP: 1/115 [catoblepas/blast of calcifying dust (6)]
 26277 | Lair:4   | Found a hole to the Spider Nest.
 26476 | Lair:4   | Reached XP level 14. HP: 121/123 MP: 20/20
 26998 | Lair:5   | Reached skill level 15 in Dodging
 27654 | Lair:5   | Found a viscous altar of Jiyva.
 27654 | Lair:5   | Found a staircase to the Slime Pits.
 27972 | Lair:6   | Entered Level 6 of the Lair of Beasts
 28197 | Lair:6   | Reached skill level 10 in Invocations
 28437 | D:11     | Noticed Urug
 28460 | D:11     | Received a gift from Okawaru
 28474 | D:11     | Identified a +0 pair of boots of running (Okawaru gifted it to you on level 11 of the Dungeon)
 28618 | D:11     | Noticed Fannar
 28652 | D:11     | Killed Fannar
 28909 | D:11     | Found Barha's Antique Weapon Shop.
 29033 | D:11     | Killed Urug
 29051 | D:11     | HP: 6/123 [poisoned by Urug]
 29057 | D:11     | HP: 5/123 [poisoned by Urug]
 29062 | D:11     | HP: 5/123 [poisoned by Urug]
 29070 | D:11     | HP: 6/123 [poisoned by Urug]
 29726 | D:11     | Noticed Harold
 29750 | D:11     | Killed Harold
 29980 | D:11     | Bought a bardiche for 279 gold pieces
 30663 | D:12     | Reached skill level 16 in Polearms
 31275 | D:12     | Found a shattered altar of Ashenzari.
 32527 | Lair:6   | Reached skill level 17 in Polearms
 33681 | Lair:6   | Reached skill level 18 in Polearms
 33709 | Lair:6   | Reached XP level 15. HP: 81/129 MP: 19/23
 33727 | Lair:6   | Reached ****** piety under Okawaru
 33731 | Lair:6   | Annihilated by a death yak

Vault maps used:
D:1:      lightli_arrival_farm, minivault_14, minmay_misc_feat_plants
D:2:      uniq_crazy_yiuf_cottage
D:3:      gup_sewer_entry_pipe, hellmonk_ghost_happy_afterlife,
          grunt_qazlal_clouds, uniq_terence
D:4:      first_ration, gammafunk_ghost_smash, uniq_blork_the_orc
D:5:      enter_ossuary_2, minmay_misc_feat_tower, palyth_stone_intersect
D:6:      kennysheep_six_static_rooms, elyvilon_altar_3, ebering_ghost_gozag
D:7:      cheibrodos_fzero, grunt_temple_overflow_open,
          minmay_temple_entry_grid, uniq_pikel
D:8:      serial_shops, shop, shop, nicolae_shop_crystal, nicolae_shop_trees,
          shop, enter_bailey_2, david_nohive_1
D:9:      minmay_lair_entry_lava, minmay_orc_entry_guard_dogs,
          ebering_ghost_rock_garden, uniq_prince_ribbit1, uniq_grum
D:10:     serial_ice, serial_ice_f, serial_ice_a, serial_ice_b, serial_ice_m,
          serial_ice_d, serial_ice_c, serial_ice_l, serial_ice_o, serial_ice_h,
          serial_ice_e
D:11:     serial_shops, kennysheep_little_box, uniq_urug, uniq_harold,
          uniq_fannar
D:12:     lemuel_centaur_altar, uniq_maurice
Temple:   dpeg_five_rooms_temple
Lair:1:   beast_lair_carwin_large_1, basic_altar, gammafunk_ghost_ooze,
          st_stairs_7, nicolae_lair_grove_arrangements
Lair:2:   basic_altar
Lair:3:   swamp_mist_pool, lab_entry_generic
Lair:4:   nicolae_spider_entry_non_spiders
Lair:5:   dpeg_slime_entry_enclosed_altar, grunt_megastairs_3
Lair:6:   evilmike_catoblepas_cave
Lab:      nicolae_lab_x, lab_statue
Sewer:    sewer_frog_island_02
Ossuary:  ossuary_zaba_flooded
Bailey:   bailey_axe_1, bailey

Skill      XL: |  1  2  3  4  5  6  7  8  9 10 11 12 13 14 |
---------------+-------------------------------------------+-----
Polearms       | 4 5 6 7 8 9 12 13 15 18 | 18.5
Fighting       | 3 5 6 8 10 13 15 | 15.0
Dodging        | 4 6 7 12 14 15 | 15.0
Shields        | 5 |  5.1
Invocations    | 6 8 11 | 11.1
Throwing       | |  1.0
Armour         | |  0.6
Spellcasting   | |  2.0
Translocations | |  2.4

Action                   |  1- 3 |  4- 6 |  7- 9 | 10-12 | 13-15 || total
-------------------------+-------+-------+-------+-------+-------++-------
Melee: Spear             |   289 |   384 |   221 |    12 |   117 ||  1023
       Tailslap          |    13 |    23 |     6 |     9 |       ||    51
       Trident           |       |       |   739 |  1092 |  1017 ||  2848
       Bardiche          |       |       |       |       |   303 ||   303
 Cast: Shroud of Golubri |     1 |     3 |     8 |       |       ||    12
Invok: Heroism           |       |       |       |     3 |     8 ||    11
       Finesse           |       |       |       |       |     1 ||     1
 Abil: Evoke Berserk Rag |       |       |       |     8 |    10 ||    18
Evoke: Wand              |       |       |       |     5 |     4 ||     9
       Lamp of fire      |       |       |       |     1 |     2 ||     3
       Sack of spiders   |       |       |       |       |     3 ||     3
  Use: Scroll            |       |       |    24 |     9 |    12 ||    45
       Potion            |       |       |     1 |     4 |     4 ||     9
 Stab: Sleeping          |     2 |     5 |     4 |     3 |       ||    14
       Distracted        |       |       |     1 |     1 |       ||     2
       Confused          |       |       |       |       |     1 ||     1
       Paralysed         |       |       |       |       |     4 ||     4
       Petrified         |       |       |       |       |     3 ||     3
  Eat: Chunk             |     3 |     7 |    13 |    25 |    38 ||    86
       Ration            |       |       |     3 |     4 |     4 ||    11
Armor: Leather armour    |    17 |    60 |    87 |   100 |    93 ||   357
       Skin              |       |       |       |     2 |    69 ||    71
Dodge: Dodged            |    68 |   220 |   414 |   500 |   820 ||  2022
       Deflected         |     2 |     1 |     3 |    15 |     8 ||    29
Block: Buckler           |       |       |    31 |   170 |   202 ||   403

Table legend:
 A = Spawn XP
 B = Non-spawn XP
 C = Spawn XP percentage of total XP
 D = Spawn monster count
 E = Non-spawn monster count
 F = Spawn count percentage of total count
 G = Total turns spent on level
                    A         B        C        D         E        F      G
               +---------+---------+-------+---------+---------+-------+---------
         Total |       0 |   73625 |   0.0 |       0 |     626 |   0.0 | 33731
               +---------+---------+-------+---------+---------+-------+---------
           D:1 |       0 |      54 |   0.0 |       0 |      31 |   0.0 |  1172
           D:2 |       0 |      57 |   0.0 |       0 |      10 |   0.0 |   933
           D:3 |       0 |     353 |   0.0 |       0 |      33 |   0.0 |  1375
           D:4 |       0 |    1589 |   0.0 |       0 |      39 |   0.0 |  2118
           D:5 |       0 |     384 |   0.0 |       0 |      15 |   0.0 |  1047
           D:6 |       0 |    2477 |   0.0 |       0 |      23 |   0.0 |  2196
           D:7 |       0 |    1431 |   0.0 |       0 |      33 |   0.0 |  2327
           D:8 |       0 |    2361 |   0.0 |       0 |      40 |   0.0 |  1603
           D:9 |       0 |    3804 |   0.0 |       0 |      30 |   0.0 |  2846
          D:10 |       0 |    3945 |   0.0 |       0 |      33 |   0.0 |  1663
          D:11 |       0 |    5673 |   0.0 |       0 |      34 |   0.0 |  2081
          D:12 |       0 |    7640 |   0.0 |       0 |      56 |   0.0 |  1617
        Lair:1 |       0 |    5397 |   0.0 |       0 |      29 |   0.0 |  1789
        Lair:2 |       0 |    6680 |   0.0 |       0 |      21 |   0.0 |  1659
        Lair:3 |       0 |    4196 |   0.0 |       0 |      11 |   0.0 |  1687
        Lair:4 |       0 |    4734 |   0.0 |       0 |      19 |   0.0 |  1109
        Lair:5 |       0 |    6256 |   0.0 |       0 |      22 |   0.0 |  1228
        Lair:6 |       0 |   13332 |   0.0 |       0 |      32 |   0.0 |  1391
           Lab |       0 |    1541 |   0.0 |       0 |       9 |   0.0 |  1531
         Sewer |       0 |     352 |   0.0 |       0 |      47 |   0.0 |   786
       Ossuary |       0 |     625 |   0.0 |       0 |      27 |   0.0 |   755
        Bailey |       0 |     744 |   0.0 |       0 |      32 |   0.0 |   531
               +---------+---------+-------+---------+---------+-------+---------
